 Dungeon Crawl Stone Soup version 0.31-a0-819-gf6de2f5ab6 (webtiles) character file.

Game seed: 2526078943652579983

5 Bravepunisher the Ducker (level 1, -1/11 HPs)
             Began as a Spriggan Monk on Sept 23, 2023.
             Slain by a hound (5 damage)
             ... on level 5 of the Dungeon.
             The game lasted 00:01:25 (407 turns).

Bravepunisher the Ducker (Spriggan Monk)             Turns: 407, Time: 00:01:26

Health: -1/11      AC:  2    Str:  7    XL:     1   Next: 66%
Magic:  2/2        EV: 19    Int: 11    God:
Gold:   8          SH:  0    Dex: 17    Spells: 0/0 levels left

rFire   . . .        a - +0 short sword
rCold   . . .        (no shield)
rNeg    . . .        b - +0 robe
rPois   .            (helmet restricted)
rElec   .            (no cloak)
rCorr   .            (gloves unavailable)
SInv    +            (boots unavailable)
Will    .....        (no amulet)
Stlth   ++           (no ring)
HPRegen 0.21/turn    (no ring)
MPRegen 0.08/turn

%: no passive effects
@: very quick
A: very small, no large weapons, unfitting armour, see invisible, speed 3
a: no special abilities


You were on level 5 of the Dungeon.
You visited 1 branch of the dungeon, and saw 5 of its levels.

You collected 8 gold pieces.

Inventory:

Hand Weapons
 a - a +0 short sword (weapon)
Armour
 b - a +0 robe (worn)
Scrolls
 g - 2 scrolls of identify {unknown}
Potions
 c - a potion of ambrosia
 d - a potion of heal wounds {unknown}
 e - a potion of might {unknown}
 f - a potion of cancellation {unknown}


   Skills:
 * Level 2.6 Fighting
 - Level 3.2 Short Blades
 + Level 4.2 Dodging


You couldn't memorise any spells.
You didn't know any spells.
Your spell library contained the following spells:

 Spells                   Type           Power      Damage    Failure   Level
 Sandblast                Erth           0%         2d4       34%         1
 Passwall                 Tmut/Erth      0%         N/A       47%         2
 Stone Arrow              Conj/Erth      0%         3d7       71%         3
 Brom's Barrelling Bould  Conj/Erth      0%         2d3       98%         4


Dungeon Overview and Level Annotations

Branches:
Dungeon (5/15)
 Temple: D:4-7

Altars:

Annotations:
D:4 Robin
D:5 Menkaure


Innate Abilities, Weirdness & Mutations

You are very small and have problems with some larger weapons.
You are too small for most types of armour.
You have supernaturally acute eyesight. (SInv)
You cover ground extremely quickly. (Speed+++)


Message History

A hound comes into view.
Found a stone staircase leading down.
The hound barks!
You hit the hound but do no damage. The hound bites you. x2
You hit the hound.
The hound is moderately wounded.
The hound closely misses you. The hound closely misses you.
The hound completely misses you. The hound completely misses you.
The hound misses you. The hound bites you. The hound attacks as it pursues you!
The hound misses you.
There is a stone staircase leading up here.
You closely miss the hound.
The hound is moderately wounded.
The hound misses you.
You barely miss the hound.
The hound is moderately wounded.
The hound barely misses you.
You hit the hound but do no damage.
The hound is moderately wounded.
The hound completely misses you.
You completely miss the hound.
The hound is moderately wounded.
The hound misses you. The hound bites you.
* * * LOW HITPOINT WARNING * * *
You barely miss the hound.
The hound is moderately wounded.
The hound misses you.
You hit the hound but do no damage.
The hound is moderately wounded.
The hound closely misses you.
You hit the hound.
The hound is heavily wounded.
The hound closely misses you.
You hit the hound but do no damage.
The hound is heavily wounded.
The hound bites you.
You die...

####
####..###
##.......#
##........#
#.........#
#.........#
##....@...#
#....h...#
#........#
##......##
#......#
##.....#
#....## .
###...# ..
##...##


You could see a hound.

Vanquished Creatures
  A bat (D:2)
  A giant cockroach (D:3)
  2 hobgoblins
4 creatures vanquished.

Notes
Turn   | Place    | Note
-------+----------+-------------------------------------------
     0 | D:1      | Bravepunisher the Spriggan Monk began the quest for the
                  | Orb.
     0 | D:1      | Reached XP level 1. HP: 11/11 MP: 2/2
   222 | D:4      | Noticed a hound
   277 | D:5      | Entered Level 5 of the Dungeon
   277 | D:5      | Noticed Menkaure
   280 | D:4      | Noticed Robin
   318 | D:4      | Noticed a howler monkey
   362 | D:5      | Noticed a hound
   407 | D:5      | Slain by a hound

Illustrated notes

Levels and vault maps discovered:
D:1:      lightli_arrival_statue_moat, layout_basic,
          nicolae_ecumenical_lake_church
D:2:      layout_basic, serial_shops, nicolae_shop_tiny_waterfront, basic_altar,
          uniq_terence
D:3:      layout_rooms
D:4:      layout_loops_ring, serial_shops, kennysheep_little_box,
          kennysheep_nondescript, nicolae_shop_self_help, uniq_robin
D:5:      layout_cave_pods, trog_book, serial_glass, glass_columns_c,
          glass_columns_c, feat_on_display, due_unseen_surprise,
          feat_on_display, uniq_menkaure, uniq_grinder

Action                     || total
---------------------------++-------
  Melee: Short sword       ||    30
 Armour: Robe              ||    10
  Dodge: Dodged            ||    31

Table legend: (Time is in decaauts)
 A = Elapsed time spent in this place.
 B = Non-inter-level travel time spent in this place.
 C = Inter-level travel time spent in this place.
 D = Time resting spent in this place.
 E = Time spent auto-exploring this place.
 F = Levels seen in this place.
 G = Mean time per level.
                   A        B        C        D        E       F      G
               +--------+--------+--------+--------+--------+-----+--------+
         Total |    263 |    263 |      0 |      0 |    115 |   5 |   52.6 |
       Dungeon |    263 |    263 |      0 |      0 |    115 |   5 |   52.6 |
               +--------+--------+--------+--------+--------+-----+--------+

Top non-repeatable levels by time:
     D:2: 76 daAuts
     D:4: 67 daAuts
     D:5: 49 daAuts
     D:3: 38 daAuts
     D:1: 32 daAuts
